 Dungeon Crawl Stone Soup version 0.31-a0-66-ge618eeaa78 (webtiles) character file.

Game seed: 14628926211132850413

447744 backslashecho the Peltast (level 25, -1/200 (204) HPs)
             Began as a Human Fighter on May 4, 2023.
             Was a High Priest of Okawaru.
             Killed from afar by a deep elf annihilator (37 damage)
             ... with a crystal spear
             ... in the Arena on May 23, 2023.
             The game lasted 04:45:18 (60937 turns).

backslashecho the Peltast (Human Fighter)          Turns: 60937, Time: 04:45:18

HP:   -1/200 (204)  AC: 42    Str: 25    XL:     25   Next: 42%
MP:   25/32         EV: 17    Int:  9    God:    Okawaru [*****.]
Gold: 1626          SH: 24    Dex: 16    Spells: 24/24 levels left

rFire   + . .        a - +8 broad axe of the Illusory People {freeze, *Noise +Blink Will+}
rCold   + . .        V - +0 tower shield {rN+}
rNeg    + . .        R - +7 gold dragon scales
rPois   +            G - +2 hat
rElec   .            F - +0 cloak "Muzogg" {-Cast rPois Will+ rCorr}
rCorr   +            O - +2 pair of gloves {hurl}
SInv    .            q - +2 pair of boots {Fly}
Will    ++++.        L - amulet of regeneration Stlth
                     H - +5 ring of evasion
HPRegen 1.33/turn    g - ring of willpower
MPRegen 0.23/turn

%: no spellcasting
@: heroic, flying, lightly drained, duelling, unable to read
A: inability to read after injury 1
}: 2/15 runes: decaying, serpentine
a: Renounce Religion, Evoke Blink, Heroism, Finesse, Duel


You were in the Arena.
You worshipped Okawaru.
Okawaru was extremely pleased with you.
You visited 9 branches of the dungeon, and saw 42 of its levels.
You also visited: Bailey, Ice Cave and Wizlab.

You collected 4946 gold pieces.
You spent 3320 gold pieces at shops.

Inventory:

Hand Weapons
 a - the +8 broad axe of the Illusory People (weapon) {freeze, *Noise +Blink Will+}
   (You acquired it on level 2 of the Orcish Mines)

   +Blink:    It lets you blink.
   *Noise:    It may make noises in combat.
   Will:      It increases your willpower.
 b - the +10 morningstar "Eos" {elec, Halo rElec}
   (You found it on level 3 of the Swamp)

   Halo:      It grants its wielder a halo, revealing invisible creatures and
   increasing accuracy against all within it other than the wielder.
   rElec:     It insulates you from electricity.
Missiles
 t - 2 curare-tipped darts (quivered)
 M - 5 silver javelins
Armour
 q - a +2 pair of boots of flying (worn)
 F - the +0 cloak "Muzogg" (worn) {-Cast rPois Will+ rCorr}
   (Okawaru gifted it to you on level 11 of the Dungeon)

   rPois:     It protects you from poison.
   -Cast:     It prevents spellcasting.
   rCorr:     It protects you from acid and corrosion.
   Will:      It increases your willpower.
 G - a +2 hat (worn)
 O - a +2 pair of gloves of hurling (worn)
 R - +7 gold dragon scales (worn)
 V - a +0 tower shield of positive energy (worn)
Jewellery
 d - a ring of protection from fire
 g - a ring of willpower (right hand)
 j - the ring "Gianoes" {rN++ AC+4}
   (You found it on level 3 of the Vaults)

   [ring of protection]

   AC:        It affects your AC (+4).
   rN:        It greatly protects you from negative energy.
 r - a ring of see invisible
 D - a ring of protection from cold
 H - a +5 ring of evasion (left hand)
 L - an amulet of regeneration (around neck)
Wands
 m - a wand of acid (3)
 z - a wand of flame (105)
 E - a wand of mindburst (24)
 N - a wand of digging (12)
 U - a wand of paralysis (23)
 Z - a wand of iceblast (25)
Scrolls
 f - 4 scrolls of fog
 i - 10 scrolls of enchant armour
 p - 5 scrolls of magic mapping
 s - 15 scrolls of teleportation
 x - 5 scrolls of fear
 y - 4 scrolls of enchant weapon
 A - 8 scrolls of blinking
 B - 6 scrolls of immolation
 Y - 2 scrolls of poison
Potions
 e - 13 potions of curing
 h - 5 potions of berserk rage
 k - 10 potions of mutation
 l - 5 potions of heal wounds
 u - 3 potions of haste
 v - 2 potions of brilliance
 w - 2 potions of enlightenment
 C - 6 potions of cancellation
 I - 2 potions of might
 P - 3 potions of resistance
 Q - 2 potions of magic
 S - 3 potions of invisibility
Miscellaneous
 c - a phial of floods
 T - a lightning rod (4/4)


   Skills:
 - Level 18.3(23.3) Fighting
 - Level 18.0(23.4) Axes
 * Level 7.0(18.5) Maces & Flails
 - Level 16.0(21.0) Throwing
 + Level 16.4(21.4) Armour
 - Level 9.0(14.0) Dodging
 - Level 3.0(8.0) Stealth
 + Level 20.2(25.2) Shields
 - Level 12.0 Invocations
 - Level 12.0 Evocations


You had 24 spell levels left.
You didn't know any spells.
Your spell library contained the following spells:

 Spells                   Type           Power      Damage    Failure   Level
 Apportation              Tloc           0%         N/A       99%         1
 Shock                    Conj/Air       0%         1d3       99%         1
 Sting                    Tmut/Pois      0%         1d3       99%         1
 Cigotuvi's Dreadful Rot  Necr/Pois/Air  0%         N/A       100%        2
 Ensorcelled Hibernation  Hex/Ice        0%         N/A       100%        2
 Passwall                 Tmut/Erth      0%         N/A       100%        2
 Poisonous Vapours        Pois/Air       0%         N/A       100%        2
 Dazzling Flash           Conj/Hex       0%         N/A       100%        3
 Gell's Gravitas          Tloc           0%         N/A       100%        3
 Ignite Poison            Fire/Tmut/Pois 0%         N/A       100%        3
 Inner Flame              Hex/Fire       0%         N/A       100%        3
 Mephitic Cloud           Conj/Pois/Air  0%         N/A       100%        3
 Ozocubu's Armour         Ice            0%         N/A       100%        3
 Swiftness                Air            0%         N/A       100%        3
 Teleport Other           Tloc           0%         N/A       100%        3
 Volatile Blastmotes      Fire/Tloc      0%         2d10      100%        3
 Airstrike                Air            0%         2d(0-16)  100%        4
 Flame Wave               Conj/Fire      0%         2d4       100%        4
 Iskenderun's Mystic Bla  Conj/Tloc      0%         2d3       100%        4
 Olgreb's Toxic Radiance  Pois           0%         N/A       100%        4
 Sticky Flame             Conj/Fire      0%         2d3       100%        4
 Alistair's Intoxication  Tmut/Pois      0%         N/A       100%        5
 Blade Hands              Tmut           0%         N/A       100%        5
 Borgnjor's Vile Clutch   Necr/Erth      0%         N/A       100%        5
 Freezing Cloud           Conj/Ice/Air   0%         6-21      100%        5
 Metabolic Englaciation   Hex/Ice        0%         N/A       100%        5
 Dispersal                Tloc           0%         N/A       100%        6
 Eringya's Noxious Bog    Tmut/Pois      0%         N/A       100%        6
 Iron Shot                Conj/Erth      0%         9d1       100%        6
 Starburst                Conj/Fire      0%         6d3       100%        6
 Ozocubu's Refrigeration  Ice            0%         4d7       100%        7
 Storm Form               Tmut/Air       0%         N/A       100%        7
 Maxwell's Capacitive Co  Air            0%         ∞         100%        8
 Polar Vortex             Ice            0%         N/A       100%        9
 Animate Armour           Summ/Erth      Unusable   N/A       N/A         4
 Summon Lightning Spire   Summ/Air       Unusable   N/A       N/A         4
 Simulacrum               Ice/Necr       Unusable   N/A       N/A         6

Dungeon Overview and Level Annotations

Branches:
Dungeon (15/15)            Temple (1/1) D:5            Lair (5/5) D:10
  Swamp (4/4) Lair:2        Snake (4/4) Lair:3        Slime (0/5) Lair:4
    Orc (2/2) D:9             Elf (3/3) Orc:2        Vaults (4/5) D:13
  Crypt (0/3) Vaults:2     Depths (4/4) D:15            Zot (0/5) Depths:4
 Bailey (visited)           IceCv (visited)          WizLab (visited)

Altars:
Ashenzari
Cheibriados
Dithmenos
Elyvilon
Fedhas
Gozag
Hepliaklqana
Kikubaaqudgha
Makhleb
Nemelex Xobeh
Okawaru
Qazlal
Ru
Sif Muna
Trog
Uskayaw
Vehumet
Wu Jian
Xom
Yredelemnul
Zin
The Shining One
Jiyva

Shops:
Orc:2 *[*!   Elf:2 (   Snake:1 *   Vaults:1 (   Vaults:3 ![   Depths:2 ?:(
Depths:3 ?

Portals:
Hell: Depths:1 Depths:2 Depths:3 Depths:4
Abyss: Snake:2 Depths:3 Depths:4
Pandemonium: Depths:1 Depths:2 Depths:3
Ziggurat: Depths:1

Annotations:
Lair:1 1 runed translucent door, Onniptox's ghost, novice DrCj
Lair:4 exclusion: orange crystal statue
Snake:2 2 transporters, exclusions: downstairs and 1 more exclusion, Vyac's ghost, journeyman SpEn
Snake:3 2 exclusions
Elf:2 3 runed translucent doors
Vaults:2 3 runed translucent doors, exclusion: door, Joextigh's ghost, veteran KoHu; Qecvurom's ghost, adept DrRe; Yhaurph's ghost, adept MiFi


Innate Abilities, Weirdness & Mutations

You occasionally lose the ability to read scrolls when taking damage.


Message History

You slash the deep elf sorcerer! You freeze the deep elf sorcerer.
The deep elf sorcerer is almost dead.
The deep elf sorcerer casts a spell.
The deep elf sorcerer seems to speed up.
The deep elf high priest mumbles some strange prayers.
You slice the deep elf sorcerer!! You freeze the deep elf sorcerer.
You kill the deep elf sorcerer!
Okawaru accepts your kill.
Aiming: Throw Flame
Press: ? - help, Shift-Dir - straight line, f - deep elf high priest
Aim: a deep elf high priest, wielding a +0 short sword (almost dead, brilliance aura, 69% to hit)
The puff of flame hits the deep elf high priest!
You kill the deep elf high priest!
Okawaru accepts your kill.
The deep elf annihilator casts a spell at you.
The iron shot hits you!!!!
Your base Maces & Flails skill increases to level 7!
You take 79 damage, and have 65/200 hp.
MASSIVE DAMAGE!!
Aiming: Iceblast
Press: ? - help, Shift-Dir - straight line The mass of ice explodes!
The iceblast engulfs the deep elf annihilator!!
The deep elf annihilator is heavily wounded.
You hear a shout! x2
The deep elf annihilator seems less brilliant.
You block the deep elf annihilator's attack.
The deep elf annihilator casts a spell.
The deep elf annihilator blinks!
You regained 2 hp, and now have 67/200 hp.
You slash the deep elf annihilator! You freeze the deep elf annihilator.
The deep elf annihilator is almost dead.
You slash the deep elf annihilator! You freeze the deep elf annihilator!
The deep elf annihilator points at you and mumbles some strange words.
The crystal spear hits you!!
You feel threatened and lose the ability to read scrolls!
* * * LOW HITPOINT WARNING * * *
You block the deep elf annihilator's attack.
You hear a shout!
You take 32 damage, and have 35/200 hp.
Aiming: Duel (7% risk of failure)
Press: ? - help, Dir - move target, f - deep elf annihilator
Aim: a deep elf annihilator, wielding a +0 short sword (almost dead)
You enter into single combat with the deep elf annihilator!
The world spins around you as you enter the gateway.
You enter Okawaru's Arena!
The spectator shouts! x10
The deep elf annihilator gestures at you while chanting.
The crystal spear hits you!!!
You die...
Okawaru crowns the deep elf annihilator victorious!

###########
#p.p.p.p.p#
#.▓▓▓▓▓▓▓.#
#p▓.....▓p#
#.▓.....▓.#
#p▓..@..▓p#
#.▓..e..▓.#
#p▓.....▓p#
#.▓▓▓▓▓▓▓.#
#p.p▓∩▓p.p#
###########


You could see a deep elf annihilator.

Vanquished Creatures
  Mara (Depths:2)
  3 juggernauts (Depths:3)
  Parghit (Depths:3)
  Vashnia (Arena)
  A golden dragon (Depths:4)
  A caustic shrike (Depths:3)
  An electric golem (WizLab)
  Mlioglotl (Swamp:2)
  4 tentacled monstrosities
  Rupert (Lair:5)
  Asterion (Snake:1)
  A walking crystal tome (Depths:3)
  A deep elf blademaster (Elf:3)
  A deep elf master archer (Elf:3)
  3 walking frostbound tomes (Depths:3)
  A walking divine tome (Depths:3)
  4 sphinxes
  2 shadow dragons (Depths:4)
  2 storm dragons
  2 thorn hunters
  4 tengu reavers
  3 fenstrider witches (Swamp:4)
  5 nagarajas (Snake:4)
  13 fire giants
  2 iron dragons
  18 vault wardens
  12 frost giants
  A draconian shifter (Depths:4)
  4 deep elf sorcerers (Elf:3)
  4 orc warlords
  A ghoul (Swamp:4)
  8 ironbound thunderhulks
  An angel (WizLab)
  2 deep elf elementalists (Elf:3)
  Aizul (Snake:1)
  17 ironbound preservers
  10 stone giants
  A reaper (Swamp:4)
  4 war gargoyles
  3 vampire knights
  2 green draconians (Depths:4)
  17 very ugly things
  A juggernaut skeleton (Depths:3)
  Azrael (D:12)
  2 black draconians (Depths:4)
  3 bunyips
  A yellow draconian (Depths:4)
  2 deep elf annihilators (Elf:3)
  A red draconian (Depths:4)
  2 spark wasps (Depths:3)
  7 dire elephants (Vaults:1)
  A purple draconian (Depths:4)
  4 eleionomae
  A white draconian (Depths:4)
  3 deep elf death magi
  A blizzard demon (Swamp:4)
  An ettin (shapeshifter) (Depths:3)
  3 crystal guardians
  3 formless jellyfish
  10 ettins
  Josephine (D:12)
  13 fire dragons
  3 deep elf high priests
  3 shambling mangroves
  13 vault guards
  A spriggan zombie (Depths:1)
  8 yaktaur captains
  2 great orbs of eyes
  Fannar (Lair:1)
  12 ice dragons
  3 salamander tyrants (Snake:4)
  11 hydras
  6 ironbound frosthearts
  7 rakshasas
  4 spriggan air magi
  8 peacekeepers
  14 anacondas
  2 catoblepae
  4 ogre magi (Swamp:4)
  Erica (D:11)
  24 centaur warriors
  A boulder beetle (Lair:1)
  3 vampire magi
  17 dancing weapons
  A ghost crab (Swamp:4)
  2 death knights (Vaults:2)
  19 naga warriors
  14 death yaks
  2 deep troll shamans
  3 tengu warriors
  15 naga sharpshooters
  6 deep troll earth magi
  Nergalle (D:12)
  4 orc high priests
  2 soul eaters (Depths:3)
  2 spriggan berserkers
  11 alligators
  9 deep elf knights
  A sun demon (Depths:3)
  4 shock serpents
  2 skysharks (Lair:5)
  16 hell knights
  5 skeletal warriors
  8 iron trolls
  8 salamander mystics
  2 storm dragon zombies
  5 sixfirhies
  2 shadow demons
  6 goliath frogs
  2 sea snakes (Snake:2)
  2 flayed ghosts
  4 spriggan druids
  39 deep trolls
  7 naga ritualists
  7 bog bodies
  11 orc knights
  11 swamp dragons
  6 deep elf archers
  5 glowing orange brains
  8 phantasmal warriors
  A harpy (shapeshifter) (Elf:1)
  A lindwurm (shapeshifter) (Depths:2)
  15 ironbound convokers
  15 lindwurms
  8 wizards
  12 necromancers
  Pikel (D:8)
  21 deep elf pyromancers
  21 deep elf zephyrmancers
  5 mana vipers
  5 orc sorcerers
  15 salamanders
  A wolf spider (Lair:5)
  2 tengu skeletons
  A sphinx skeleton (Depths:1)
  5 will-o-the-wisps
  4 cyclopes
  3 manticores
  A frost giant skeleton (Depths:1)
  9 guardian serpents
  31 ugly things
  Joseph (D:8)
  3 rust devils
  34 black mambas
  An ice statue (IceCv)
  11 cane toads
  A torpor snail (shapeshifter) (Vaults:3)
  A smoke demon (Depths:3)
  15 vault sentinels
  18 naga magi
  A molten gargoyle (WizLab)
  9 gargoyles
  A torpor snail (Lair:5)
  8 rime drakes
  An orange demon (Swamp:4)
  A hellion (Depths:2)
  A kobold demonologist (D:11)
  An efreet (D:15)
  A yaktaur zombie (Vaults:4)
  A komodo dragon (shapeshifter) (Depths:1)
  6 komodo dragons
  32 yaktaurs
  4 tengu conjurers
  A bloated husk (Swamp:1)
  3 human skeletons
  5 red devils
  18 polar bears
  4 burning bushes (Lair:4)
  7 trolls
  10 tyrant leeches
  4 hellwings (Swamp:4)
  9 hornets
  A tengu simulacrum (Depths:3)
  A merfolk (shapeshifter) (Vaults:3)
  3 raiju (Lair:5)
  A centaur simulacrum (D:14)
  A shadow (D:10)
  8 air elementals
  24 slime creatures
  6 water elementals
  19 humans (D:13)
  8 fire elementals
  9 spriggans
  76 yaks
  8 wraiths
  3 basilisks
  A golden eye (shapeshifter) (Depths:3)
  2 wyverns
  Grum (D:9)
  4 neqoxecs
  2 chaos spawn
  2 steam dragons
  A basilisk (shapeshifter) (D:13)
  2 death yak simulacra (D:13)
  20 vampire mosquitoes
  18 swamp worms
  14 wargs
  46 nagas
  6 acid dragons
  16 hell hounds
  A floating eye (Depths:3)
  13 water moccasins
  2 glowing shapeshifter zombies
  43 orc warriors
  A glowing shapeshifter skeleton (Depths:1)
  2 sky beasts (D:6)
  A swamp drake (Swamp:1)
  2 ice beasts
  7 ogres
  12 black bears
  26 wolves
  16 centaurs
  A lemure (D:9)
  A kobold brigand (D:9)
  11 bullfrogs
  8 earth elementals
  2 two-headed ogre simulacra (D:13)
  A cane toad simulacrum (D:13)
  A glowing shapeshifter simulacrum (Depths:3)
  3 gnoll sergeants
  17 wights
  3 killer bees (D:10)
  3 electric eels
  2 howler monkeys
  A gnoll bouda (D:9)
  A jelly (D:4)
  5 hounds
  9 orc priests
  Jessica (D:3)
  3 iguanas
  13 orc wizards
  2 lightning spires (WizLab)
  3 spriggan simulacra
  A wolf simulacrum (D:13)
  3 adders
  20 gnolls
  A white imp (D:7)
  4 dart slugs
  75 orcs
  7 endoplasms
  5 giant cockroaches
  7 goblins
  9 hobgoblins
  5 quokkas
  6 ball pythons
  5 bats
  A frilled lizard (D:1)
  9 kobolds
  A rat (D:3)
1696 creatures vanquished.

Vanquished Creatures (others)
  A yaktaur captain (Vaults:2)
  An ice dragon (Depths:3)
  A rakshasa (Depths:2)
  2 goliath frogs
  A vault sentinel (Vaults:1)
  2 bloated husks
  A spriggan (Swamp:3)
  A water elemental (Elf:2)
  A naga (Snake:3)
  An orc warrior (Elf:2)
  An orc wizard (Orc:1)
  An orc (Elf:2)
  26 foxfires
40 creatures vanquished.

Grand Total: 1736 creatures vanquished

Notes
Turn   | Place    | Note
-------+----------+-------------------------------------------
     0 | D:1      | backslashecho the Human Fighter began the quest for the
                  | Orb.
     0 | D:1      | Reached XP level 1. HP: 18/18 MP: 1/1
   194 | D:1      | Reached XP level 2. HP: 24/24 MP: 2/2
  1162 | D:2      | Reached XP level 3. HP: 12/29 MP: 3/3
  2042 | D:3      | Noticed Jessica
  2048 | D:3      | Killed Jessica
  2049 | D:3      | Reached XP level 4. HP: 24/35 MP: 4/4
  2307 | D:3      | Found a faded altar of an unknown god.
  2728 | D:3      | Identified the +7 war axe "Gutacek" {protect, rN+ rCorr}
  3184 | D:4      | Reached XP level 5. HP: 39/42 MP: 5/5
  4065 | D:5      | Entered Level 5 of the Dungeon
  4072 | D:5      | Reached skill level 4 in Shields
  4072 | D:5      | Reached XP level 6. HP: 38/48 MP: 6/6
  4072 | D:5      | Found a staircase to the Ecumenical Temple.
  4085 | Temple   | Entered the Ecumenical Temple
  4329 | D:5      | Noticed an ogre
  4515 | D:5      | Noticed a black bear
  4529 | D:5      | Killed a black bear
  4530 | D:5      | Reached skill level 5 in Axes
  4530 | D:5      | Reached XP level 7. HP: 42/55 MP: 7/7
  4830 | D:5      | Found an ancient bone altar of Kikubaaqudgha.
  5287 | D:6      | Reached skill level 5 in Fighting
  5465 | D:6      | Reached skill level 5 in Shields
  5465 | D:6      | Reached XP level 8. HP: 44/58 MP: 8/8
  6299 | D:6      | Found a hazy altar of Hepliaklqana.
  6747 | D:6      | Reached XP level 9. HP: 69/69 MP: 9/9
  6796 | D:7      | Noticed a troll
  7067 | D:7      | Reached skill level 6 in Shields
  8784 | D:8      | Reached skill level 7 in Shields
  8794 | D:8      | Found a flagged portal.
  8860 | Bailey   | Entered a bailey
  9176 | Bailey   | Noticed an orc knight
  9206 | D:8      | Reached XP level 10. HP: 39/79 MP: 10/10
  9346 | D:8      | Noticed Joseph
  9491 | D:8      | Killed Joseph
  9492 | D:8      | Reached skill level 10 in Axes
  9532 | D:8      | Found a shimmering altar of Xom.
  9534 | D:8      | Found a snail-covered altar of Cheibriados.
  9536 | D:8      | Found a stormy altar of Qazlal.
  9536 | D:8      | Found a broken altar of Ashenzari.
  9536 | D:8      | Found a shimmering blue altar of Sif Muna.
  9536 | D:8      | Found a burning altar of Makhleb.
  9537 | D:8      | Found a bloodstained altar of Trog.
  9538 | D:8      | Found a sparkling altar of Nemelex Xobeh.
  9539 | D:8      | Found an iron altar of Okawaru.
  9541 | D:8      | Found a glowing silver altar of Zin.
  9545 | D:8      | Became a worshipper of Warmaster Okawaru
 10047 | D:9      | Found a staircase to the Orcish Mines.
 10412 | D:9      | Noticed Grum
 10435 | D:9      | Killed Grum
 10436 | D:9      | Reached skill level 8 in Shields
 10633 | D:8      | Reached * piety under Okawaru
 11004 | D:9      | Noticed Pikel
 11057 | D:8      | Killed Pikel
 11168 | D:9      | Reached skill level 1 in Invocations
 11355 | D:9      | Reached XP level 11. HP: 85/87 MP: 9/12
 11764 | D:10     | Entered Level 10 of the Dungeon
 12355 | D:10     | Found a staircase to the Lair.
 12703 | D:10     | Reached skill level 5 in Invocations
 13151 | D:10     | Reached ** piety under Okawaru
 13490 | D:10     | Identified the +5 ring mail of Opnooroj {rElec Str+3 Int-4
                  | Stlth+}
 14545 | D:11     | Noticed a tengu warrior
 14612 | Lair:1   | Entered Level 1 of the Lair of Beasts
 14737 | Lair:1   | Reached skill level 9 in Shields
 14925 | Lair:1   | Reached XP level 12. HP: 95/95 MP: 16/16
 15062 | Lair:1   | Noticed Fannar
 15094 | Lair:1   | Killed Fannar
 15149 | Lair:1   | Noticed a boulder beetle
 15152 | Lair:1   | Found an ornate altar of the Wu Jian Council.
 15152 | Lair:1   | Found a hide-covered altar of Uskayaw.
 15166 | Lair:1   | Killed a boulder beetle
 15166 | Lair:1   | Reached *** piety under Okawaru
 15422 | Lair:1   | Found a runed translucent door.
 15440 | Lair:1   | Found a shimmering altar of Xom.
 15440 | Lair:1   | Noticed Onniptox's ghost (novice DrCj)
 15441 | Lair:1   | Noticed a +2 quarterstaff of chaos
 16084 | Lair:2   | Noticed a catoblepas
 16230 | Lair:2   | Reached **** piety under Okawaru
 16610 | Lair:2   | Reached skill level 5 in Armour
 16655 | Lair:2   | Killed a catoblepas
 16972 | Lair:2   | Found a staircase to the Swamp.
 17591 | Lair:3   | Found a staircase to the Snake Pit.
 17775 | Lair:3   | Noticed a six-headed hydra
 17787 | Lair:3   | Killed a six-headed hydra
 18148 | Lair:3   | Reached XP level 13. HP: 87/101 MP: 19/19
 18806 | Lair:4   | Reached ***** piety under Okawaru
 19200 | Lair:4   | Received a gift from Okawaru
 19382 | Lair:4   | Found a viscous altar of Jiyva.
 19383 | Lair:4   | Found a staircase to the Slime Pits.
 19648 | Lair:5   | Entered Level 5 of the Lair of Beasts
 19660 | Lair:4   | Reached skill level 15 in Axes
 19772 | Lair:5   | Noticed a four-headed hydra
 19782 | Lair:5   | Killed a four-headed hydra
 20241 | Lair:5   | Noticed Rupert
 20264 | Lair:5   | Killed Rupert
 20954 | Lair:5   | Noticed a catoblepas
 20971 | Lair:5   | Identified the +8 demon blade of Sulphur {flame, Fly rPois
                  | Str-5 Dex+2} (Okawaru gifted it to you on level 5 of the
                  | Lair of Beasts)
 20971 | Lair:5   | Received a gift from Okawaru
 20972 | Lair:5   | Reached skill level 10 in Invocations
 20979 | Lair:5   | Killed a catoblepas
 21007 | Lair:5   | Noticed a four-headed hydra
 21041 | Lair:5   | Killed a one-headed hydra
 21097 | Lair:5   | Reached XP level 14. HP: 79/108 MP: 19/21
 23127 | Lair:4   | Identified the +0 cloak "Soekkemp" {rPois Int+2}
 23331 | D:11     | Noticed Erica
 23364 | D:11     | Killed Erica
 23364 | D:11     | Identified the +0 cloak "Muzogg" {-Cast rPois Will+ rCorr}
                  | (Okawaru gifted it to you on level 11 of the Dungeon)
 23364 | D:11     | Received a gift from Okawaru
 24725 | D:12     | Noticed Azrael
 24749 | D:12     | Killed Azrael
 24804 | D:12     | Noticed Nergalle
 24815 | D:12     | Killed Nergalle
 24903 | D:12     | Noticed Josephine
 24913 | D:12     | Killed Josephine
 25040 | D:12     | Reached XP level 15. HP: 107/113 MP: 23/23
 25068 | D:12     | Identified the +2 robe of Etenaxija {Will++}
 25600 | Orc:1    | Entered Level 1 of the Orcish Mines
 26186 | Orc:2    | Entered Level 2 of the Orcish Mines
 26864 | Orc:2    | Found a staircase to the Elven Halls.
 27212 | Orc:2    | Reached skill level 1 in Throwing
 27212 | Orc:2    | Reached skill level 10 in Shields
 27585 | Orc:2    | Found Reucyorph's Distillery.
 27585 | Orc:2    | Found Nevel's Assorted Antiques.
 27611 | Orc:2    | Bought a scroll labelled BIEPTO KAEGYON for 27 gold pieces
 27612 | Orc:2    | Acquired the +8 broad axe of the Illusory People {freeze,
                  | *Noise +Blink Will+}
 27721 | Orc:2    | Found Uczapros's Assorted Antiques.
 27721 | Orc:2    | Found Balaongu's Armour Shop.
 27789 | Orc:2    | Bought a scroll of blinking for 187 gold pieces
 27789 | Orc:2    | Bought a thin sapphire amulet for 125 gold pieces
 27789 | Orc:2    | Bought a glowing white potion for 22 gold pieces
 27833 | Orc:2    | Bought a potion of heal wounds for 85 gold pieces
 27833 | Orc:2    | Bought a potion of curing for 51 gold pieces
 28289 | Orc:2    | Bought 2 potions of ambrosia for 272 gold pieces
 28289 | Orc:2    | Bought a potion of resistance for 170 gold pieces
 28499 | D:13     | Found a frozen archway.
 28548 | IceCv    | Entered an ice cave
 28680 | IceCv    | Noticed a frost giant
 28698 | IceCv    | Killed a frost giant
 28763 | IceCv    | Reached skill level 10 in Fighting
 28843 | IceCv    | Reached skill level 11 in Shields
 29183 | D:13     | Reached skill level 5 in Throwing
 29214 | D:13     | Received a gift from Okawaru
 29376 | D:13     | Reached XP level 16. HP: 123/123 MP: 25/25
 29431 | D:13     | Received a gift from Okawaru
 29474 | D:13     | Found a gate to the Vaults.
 29878 | D:13     | Reached skill level 1 in Evocations
 30663 | D:14     | Reached skill level 12 in Shields
 30684 | D:14     | Reached skill level 1 in Dodging
 31261 | D:15     | Entered Level 15 of the Dungeon
 31299 | D:15     | Received a gift from Okawaru
 31596 | D:15     | Received a gift from Okawaru
 31784 | D:15     | Identified the +9 trident of Nil Yria {antimagic, Int+3}
 32096 | D:15     | Reached skill level 5 in Evocations
 32436 | D:15     | Found a staircase to the Depths.
 32673 | Snake:1  | Entered Level 1 of the Snake Pit
 32724 | Snake:1  | Received a gift from Okawaru
 33079 | Snake:1  | Reached XP level 17. HP: 120/133 MP: 26/26
 33103 | Snake:1  | Received a gift from Okawaru
 33104 | Snake:1  | Reached skill level 5 in Dodging
 33176 | Snake:1  | Noticed Aizul
 33193 | Snake:1  | Noticed Asterion
 33194 | Snake:1  | Received a gift from Okawaru
 33199 | Snake:1  | Killed Aizul
 33210 | Snake:1  | Killed Asterion
 33469 | Snake:1  | Found Eteucoom's CLEARANCE SALE!.
 33474 | Snake:1  | Bought a wand of mindburst (3) for 21 gold pieces
 34151 | Snake:2  | Found a transporter.
 34159 | Snake:2  | Noticed an Executioner
 34159 | Snake:2  | Noticed a tentacled starspawn
 34228 | Snake:2  | Reached skill level 1 in Stealth
 34334 | Snake:2  | Identified the +7 chain mail "Haih" {rF+ rC+ Str+2}
                  | (Okawaru gifted it to you on level 2 of the Snake Pit)
 34334 | Snake:2  | Received a gift from Okawaru
 34457 | Snake:2  | Found a one-way gate to the infinite horrors of the Abyss.
 34457 | Snake:2  | Noticed a tentacled starspawn
 34467 | Snake:2  | Found a transporter.
 34470 | Snake:2  | Noticed Vyac's ghost (journeyman SpEn)
 34862 | Snake:2  | Reached skill level 10 in Armour
 34907 | Snake:2  | Noticed Vashnia
 34913 | Arena    | Entered the Arena
 34930 | Arena    | Killed Vashnia
 35954 | Snake:3  | Reached XP level 18. HP: 96/140 MP: 27/27
 36083 | Snake:3  | Received a gift from Okawaru
 36555 | Snake:4  | Entered Level 4 of the Snake Pit
 37239 | Snake:4  | Received a gift from Okawaru
 38035 | Snake:4  | Received a gift from Okawaru
 38493 | Snake:4  | Received a gift from Okawaru
 38578 | Snake:4  | Got a serpentine rune of Zot
 38753 | Swamp:1  | Entered Level 1 of the Swamp
 38754 | Swamp:1  | Upgraded the game from 0.31-a0-4-gefa6de2278 to
                  | 0.31-a0-8-gd14b0f4ee2
 38754 | Swamp:1  | Upgraded the game from 0.31-a0-8-gd14b0f4ee2 to
                  | 0.31-a0-40-g1d5085d191
 38754 | Swamp:1  | Upgraded the game from 0.31-a0-40-g1d5085d191 to
                  | 0.31-a0-66-ge618eeaa78
 39031 | Swamp:1  | Received a gift from Okawaru
 39141 | Lair:2   | Reached XP level 19. HP: 111/150 MP: 28/28
 39271 | Swamp:1  | Identified the +0 kite shield "Esingen" {rC+} (Okawaru
                  | gifted it to you on level 1 of the Swamp)
 39271 | Swamp:1  | Received a gift from Okawaru
 39555 | Swamp:2  | Noticed Mlioglotl
 40164 | Swamp:2  | Paralysed by accursed screaming for 1 turns
 40167 | Swamp:2  | Killed Mlioglotl
 40755 | Swamp:2  | Reached skill level 10 in Throwing
 41159 | Swamp:3  | Found the +10 morningstar "Eos" {elec, Halo rElec}
 41176 | Swamp:3  | Identified the +4 rapier "Demonslayer" {drain, rN+ Str+7}
 41698 | Swamp:4  | Entered Level 4 of the Swamp
 42336 | Swamp:4  | Noticed a tentacled monstrosity
 42354 | Swamp:4  | Killed a tentacled monstrosity
 42354 | Swamp:4  | Received a gift from Okawaru
 42548 | Swamp:4  | Noticed a tentacled monstrosity
 42560 | Swamp:4  | Killed a tentacled monstrosity
 42560 | Swamp:4  | Received a gift from Okawaru
 42605 | Swamp:4  | Reached skill level 15 in Fighting
 42605 | Swamp:4  | Reached skill level 15 in Armour
 42614 | Swamp:4  | Reached XP level 20. HP: 157/162 MP: 29/29
 42716 | Swamp:4  | Got a decaying rune of Zot
 43360 | Vaults:1 | Entered Level 1 of the Vaults
 43362 | Vaults:1 | Found Seganla's Weapon Shop.
 44238 | Vaults:1 | Received a gift from Okawaru
 44290 | Vaults:1 | Received a gift from Okawaru
 44432 | Vaults:1 | Received a gift from Okawaru
 44531 | Vaults:1 | Reached skill level 13 in Shields
 45292 | Vaults:2 | Reached XP level 21. HP: 102/168 MP: 30/30
 45407 | Vaults:2 | Found a runed translucent gate.
 45407 | Vaults:2 | Found a runed translucent gate.
 45407 | Vaults:2 | Found a runed translucent gate.
 45408 | Vaults:2 | Noticed Qecvurom's ghost (adept DrRe)
 45408 | Vaults:2 | Noticed Joextigh's ghost (veteran KoHu)
 45408 | Vaults:2 | Noticed Yhaurph's ghost (adept MiFi)
 45719 | Vaults:2 | Found a staircase to the Crypt.
 46038 | Vaults:2 | Reached ****** piety under Okawaru
 46041 | Vaults:2 | Received a gift from Okawaru
 46617 | Vaults:3 | Found Qafig's Antique Armour Boutique.
 46845 | Vaults:3 | Found a magical portal.
 46854 | WizLab   | Entered Maxwell's Workshop
 46931 | WizLab   | Reached skill level 15 in Throwing
 46992 | WizLab   | Reached skill level 14 in Shields
 47172 | WizLab   | Found the +2 Maxwell's thermic engine {flame, freeze, rev}
 47178 | WizLab   | Received a gift from Okawaru
 47396 | WizLab   | Identified the +6 dagger of Tejoelok {pain, Str+2}
 47408 | WizLab   | Noticed an electric golem
 47423 | WizLab   | Killed an electric golem
 47432 | WizLab   | Found the +6 Majin-Bo {spellvamp, MP+6 Int+6}
 47433 | WizLab   | Identified the ring "Zoasaas" {Fire SInv}
 47707 | Vaults:3 | Bought a brightly glowing plate armour for 672 gold pieces
 47707 | Vaults:3 | Identified the +1 plate armour of Peek-a-Boo {rCorr} (You
                  | bought it in a shop on level 3 of the Vaults)
 47729 | Vaults:3 | Found Dongued's Distillery.
 48338 | Vaults:3 | Reached XP level 22. HP: 113/175 MP: 31/31
 48648 | Vaults:3 | Received a gift from Okawaru
 48762 | Vaults:3 | Reached skill level 15 in Shields
 49007 | Vaults:3 | Reached skill level 10 in Evocations
 49066 | Vaults:3 | Identified the ring "Gianoes" {rN++ AC+4}
 49675 | Vaults:4 | Identified the +6 war axe of Kiaxove {antimagic, rC++}
                  | (Okawaru gifted it to you on level 4 of the Vaults)
 49675 | Vaults:4 | Received a gift from Okawaru
 50772 | Depths:1 | Entered Level 1 of the Depths
 50910 | Depths:1 | Received a gift from Okawaru
 51306 | Depths:1 | Gained mutation: You occasionally lose the ability to read
                  | scrolls when taking damage. [a neqoxec]
 51337 | Depths:1 | Found a one-way gate leading to the halls of Pandemonium.
 51451 | Depths:1 | Received a gift from Okawaru
 51509 | Depths:1 | Found a gateway to Hell.
 51577 | Depths:1 | Reached skill level 16 in Shields
 51577 | Depths:1 | Reached XP level 23. HP: 175/184 MP: 32/32
 51868 | Depths:1 | Found a one-way gateway to a ziggurat.
 52237 | Depths:2 | Found Gijal's Weapon Emporium.
 52644 | Depths:1 | Received a gift from Okawaru
 52997 | Depths:2 | Bought a throwing net for 66 gold pieces
 53002 | Depths:2 | Found Xudaomn's Book Shop.
 53016 | Depths:2 | Found Beurod Jawy's Magic Scroll Emporium.
 53024 | Depths:2 | Bought a scroll of teleportation for 51 gold pieces
 53024 | Depths:2 | Bought a scroll of blinking for 127 gold pieces
 53024 | Depths:2 | Bought a scroll of magic mapping for 127 gold pieces
 53024 | Depths:2 | Bought a scroll of enchant armour for 127 gold pieces
 53203 | Depths:2 | Noticed Mara
 53304 | Depths:2 | Found a broken altar of Ashenzari.
 53350 | Depths:2 | You are sucked into a shaft and drop 2 floors!
 53350 | Depths:4 | Entered Level 4 of the Depths
 53359 | Arena    | Entered the Arena
 53559 | Depths:4 | Reached skill level 17 in Shields
 54343 | Depths:3 | Identified the ring of Yrghupt {rF+ MP+9}
 54450 | Depths:3 | Noticed Parghit
 54590 | Depths:3 | Killed Parghit
 54874 | Depths:2 | Noticed backslashecho's illusion
 54901 | Depths:2 | Killed Mara
 54901 | Depths:2 | Received a gift from Okawaru
 55071 | Depths:2 | Received a gift from Okawaru
 55277 | Depths:2 | Identified the +0 ring mail "Angoo" {Rampage Drain rPois
                  | Slay+2}
 55439 | Depths:3 | Found Mepheola's Magic Scroll Emporium.
 55442 | Depths:3 | Bought a scroll of acquirement for 1040 gold pieces
 55442 | Depths:3 | Bought a scroll of blinking for 150 gold pieces
 55443 | Depths:3 | Acquired a +0 tower shield of positive energy
 55490 | Depths:3 | Reached XP level 24. HP: 190/197 MP: 32/32
 55576 | Depths:3 | Reached skill level 18 in Shields
 55949 | Depths:3 | Noticed a juggernaut
 55958 | Depths:3 | Received a gift from Okawaru
 55959 | Depths:3 | Noticed a juggernaut
 55960 | Depths:3 | Noticed a caustic shrike
 55966 | Depths:3 | Killed a caustic shrike
 55968 | Depths:3 | Killed a juggernaut
 55969 | Depths:3 | Killed a juggernaut
 56015 | Depths:3 | Noticed a juggernaut
 56029 | Depths:3 | Killed a juggernaut
 56029 | Depths:3 | Received a gift from Okawaru
 56043 | Depths:3 | Reached skill level 19 in Shields
 56275 | Depths:3 | Identified the +2 arbalest of Fappaer {flame, rF+ rC+
                  | Dex+2}
 56368 | Depths:3 | Identified the +8 hand axe "Luriec" {freeze, rF+ rCorr
                  | Dex+2} (Okawaru gifted it to you on level 3 of the Depths)
 56368 | Depths:3 | Received a gift from Okawaru
 56905 | Depths:3 | Identified the +5 spear of Fate {flame, rN+ SInv}
 57252 | Depths:4 | Noticed a golden dragon
 57492 | Depths:4 | Killed a golden dragon
 57691 | Depths:4 | Found a gate to the Realm of Zot.
 58278 | Elf:1    | Entered Level 1 of the Elven Halls
 58327 | Elf:1    | Reached skill level 1 in Maces & Flails
 58376 | Elf:1    | Paralysed by an air elemental for 1 turns
 58970 | Elf:1    | Paralysed by an air elemental for 1 turns
 58978 | Elf:1    | Received a gift from Okawaru
 59043 | Elf:1    | Paralysed by an air elemental for 1 turns
 59254 | Elf:2    | Paralysed by an air elemental for 1 turns
 59295 | Elf:2    | Found Ahaunlev's Weapon Emporium.
 59349 | Elf:2    | Found a runed translucent gate.
 59349 | Elf:2    | Found a runed translucent gate.
 59349 | Elf:2    | Found a runed translucent gate.
 59526 | Elf:2    | Reached XP level 25. HP: 180/204 MP: 32/32
 59708 | Elf:2    | Identified the +5 scale mail "Rennynt" {rF+ rN+ Int-3}
                  | (Okawaru gifted it to you on level 2 of the Elven Halls)
 59708 | Elf:2    | Received a gift from Okawaru
 59790 | Elf:2    | Paralysed by an air elemental for 1 turns
 59797 | Elf:2    | Reached skill level 20 in Shields
 59920 | Elf:2    | Paralysed by an air elemental for 1 turns
 59940 | Elf:3    | Entered Level 3 of the Elven Halls
 60157 | Elf:3    | Paralysed by an air elemental for 1 turns
 60159 | Elf:3    | Paralysed by an air elemental for 1 turns
 60164 | Elf:3    | Paralysed by an air elemental for 1 turns
 60167 | Elf:3    | Paralysed by an air elemental for 1 turns
 60201 | Elf:3    | Reached skill level 5 in Maces & Flails
 60894 | Arena    | Entered the Arena
 60937 | Arena    | Entered the Arena
 60937 | Arena    | Killed from afar by a deep elf annihilator

Illustrated notes

Levels and vault maps discovered:
D:1:      dpeg_arrival_leaves_temple_mockup, layout_basic
D:2:      layout_basic, minmay_randomly_rotated_circles
D:3:      layout_basic, shapermc_ecumenical_altar_venn, serial_corexii_hall,
          corexii_hall_statues_deadend, corexii_hall_statues_u,
          chequers_hall_statues_y, corexii_hall_statues_deadend,
          corexii_hall_statues_x, chequers_hall_statues_corner_a, uniq_jessica
D:4:      cheibrodos_helix_gallery, layout_gridville
D:5:      layout_cave_pools, mainiacjoe_overflow_catwalk,
          minmay_temple_entry_ruins
D:6:      layout_loops_cross, worldfamousw_hep_ancestral_shrine
D:7:      layout_gridville
D:8:      layout_rooms, minitemple, enter_bailey_3, uniq_joseph
D:9:      layout_loops_ring, orc_0_dummy, uniq_pikel, uniq_grum
D:10:     layout_irregular_city, erik_lair_orcish_takeover
D:11:     layout_long_grid, uniq_erica
D:12:     layout_irregular_city, uniq_azrael, uniq_nergalle, uniq_josephine
D:13:     layout_stronghold, grunt_vaults_entry_tiered,
          portal_ice_cave_entry_ice_simulacra
D:14:     layout_cave_pools, kennysheep_boxes, serial_column_ruins,
          column_ruins_corridor_straight, column_ruins_corridor_corner,
          column_ruins_open_tiny, column_ruins_open_tiny
D:15:     grunt_enter_depths_hoard, layout_stronghold, minivault_24,
          nrook_campfire
Temple:   eino_temple_lava
Lair:1:   layout_cave_pods, ebering_ghost_xom, nzn_masters_of_martial_movement,
          infiniplex_staircase_pool, serial_bayou_shore_a, uniq_fannar
Lair:2:   layout_chaotic_city, minmay_swamp_entry_reptiles, grunt_megastairs_4,
          infiniplex_staircase_pool_2, lemuel_fruit_tree
Lair:3:   layout_chaotic_city, dummy_snake_entry, chequers_serial_rivers_micro_b
Lair:4:   statuecave_lemuel, layout_hall_layers, slime_entry_1,
          nicolae_quartered_pool_super, evilmike_ambush
          [evilmike_ambush_outer_basic, evilmike_ambush_inner_basic]
Lair:5:   hangedman_lair_caniforms_friends, layout_regular_city, serial_rivers,
          chequers_serial_rivers_room_a, chequers_serial_rivers_small_3,
          chequers_serial_rivers_micro_b, chequers_serial_rivers_micro_c,
          chequers_serial_rivers_micro_b, chequers_serial_rivers_micro_c,
          dreamdust_mushroom_princess, uniq_rupert
Swamp:1:  layout_falls_marsh, nicolae_swamp_fairy_circle
Swamp:2:  layout_basic_swamp, nicolae_swamp_little_swirl, uniq_mlioglotl
Swamp:3:  layout_falls_marsh, evilmike_swamp_ruin_house_3
Swamp:4:  nzn_swamp_witches_coven, layout_basic_swamp, swamp_pool1,
          nicolae_swamp_dense_foliage
Snake:1:  layout_onion, nicolae_shop_clearance, nicolae_integral_box,
          uniq_aizul, uniq_asterion
Snake:2:  layout_layer_cave, gammafunk_ghost_abyssal_escape, minmay_snake_pond,
          uniq_vashnia
Snake:3:  layout_rooms, statue_in_the_mist_lemuel, drop_trap, st_stairs_12,
          nicolae_snake_ghostly_warrior_ritual
Snake:4:  johnstein_snake_rune_scales, layout_cave_town, grunt_ministairs_8
Orc:1:    layout_diamond_mine
Orc:2:    st_orc_town, layout_caves, nicolae_orc_tapped_out
Elf:1:    layout_geoelf_diagonals, kennysheep_underground_church,
          grunt_ministairs_14, st_stairs_12
Elf:2:    elven_hall_of_blades_hangedman_original [mumra_blade_entry_bloodbath],
          layout_gridlike, serial_shops, nicolae_shop_tiny_real_fake_doors,
          uniq_nikola, uniq_donald
Elf:3:    minmay_elf_hall_furrowed, layout_gridlike
Vaults:1: ontoclasm_vaults_ring_large, nicolae_vaults_little_squares_6,
          nicolae_vaults_what_the_h, nicolae_vaults_house_3,
          vaults_standard_mumra_lines, nicolae_vaults_tetromino_T_1,
          v_alt_pattern_1, nicolae_vaults_closet_pinwheel_5, v_alt_pattern_1,
          v_misc_9, nicolae_vaults_variable_pillar_hall, layout_vaults_big_room,
          serial_shops, shop
Vaults:2: gammafunk_ghost_cemetery, nicolae_vaults_layer_cake_slice,
          nicolae_vaults_mini_display_case, ontoclasm_vaults_ring_large,
          nicolae_vaults_house_2, v_alt_pattern_2,
          nicolae_vaults_shrinking_rooms_2, nicolae_vaults_ellipses_ellipsis,
          nicolae_vaults_network_barrier, ontoclasm_vaults_spin,
          vaults_room_fancy_cross, blue_anna_dwarven_crypt, vaults_room_pool,
          nicolae_vaults_trapezoid_lopsided_1, layout_vaults_maze
Vaults:3: infiniplex_enter_wizlab_water, st_quartered_hall, v_misc_11,
          nicolae_vaults_tetromino_Z_1, vaults_room_grid,
          hangedman_vaults_corner, nicolae_vaults_border_crossing,
          nicolae_vaults_wine_cellar, vaults_room_pool,
          nicolae_vaults_tangram_2, layout_vaults_omnibox, serial_shops, shop,
          nicolae_square_shop
Vaults:4: vaults_room_fours, hangedman_vaults_hat, v_misc_18, v_pattern_3,
          nicolae_vaults_surprise_closet, v_misc_9, nicolae_vaults_trapezoid_4,
          v_misc_15, vaults_room_guarded_vault, ontoclasm_vaults_ligature,
          layout_vaults_ring
Depths:1: layout_gridlike, enter_ziggurat_c, pf_coc_iceberg,
          rand_demon_pan_entry_4, nicolae_concentric_dashed_squares_wild,
          hex_large, st_stairs_14, hex_tiny, kennysheep_generic_room_7
Depths:2: kennysheep_windowed_halls, layout_cave_pools, grunt_metal_band,
          serial_shops, kennysheep_mini, nicolae_square_shop, shop,
          nicolae_ashenzari_panopticon, rand_demon_pan_entry_8, uniq_mara
Depths:3: angbandy_vault, layout_cave_shapes, hangedman_abyss_entry_splay,
          pf_hell_entry_great_geh, serial_shops, nicolae_shop_rolled_up,
          grunt_pan_entry_spiral, uniq_josephina, uniq_parghit
Depths:4: grunt_twist_and_shout, layout_cave_shapes, hell_entry,
          minmay_hedge_maze, abyss_entry, serial_bayou_shore_b
Arena

Skill      XL: |  1  2  3  4  5  6  7  8  9 10 11 12 13 14 15 16 17 18 19 20 21 22 23 24 25 |
---------------+----------------------------------------------------------------------------+-----
Axes           | 3 4 5 6 7 9 11 12 14 16 17 18 | 18.0
Fighting       | 4 5 6 7 8 9 10 12 13 15 16 17 18 | 18.3
Shields        | 4 5 7 8 9 11 12 13 14 16 17 19 20 | 20.2
Invocations    | 2 6 8 10 11 12 | 12.0
Armour         | 5 7 9 12 13 15 16 | 16.4
Throwing       | 5 6 9 11 13 16 | 16.0
Evocations     | 5 9 12 | 12.0
Dodging        | 4 5 7 9 |  9.0
Stealth        | 3 |  3.0
Maces & Flails | 3 7 |  7.0

Action                     |  1- 3 |  4- 6 |  7- 9 | 10-12 | 13-15 | 16-18 | 19-21 | 22-24 | 25-27 || total
---------------------------+-------+-------+-------+-------+-------+-------+-------+-------+-------++-------
  Melee: War axe           |    87 |    86 |    14 |       |   774 |       |       |       |       ||   961
         Hand axe          |       |    31 |   259 |   723 |   367 |       |       |       |       ||  1380
         Mace              |       |       |       |     7 |     4 |       |       |       |       ||    11
         Demon blade       |       |       |       |       |    11 |     3 |    32 |       |       ||    46
         Broad axe         |       |       |       |       |   284 |  1093 |  1287 |  1754 |    16 ||  4434
         Morningstar       |       |       |       |       |       |       |       |   158 |   319 ||   477
  Throw: Boomerang         |       |     1 |     4 |    21 |     5 |       |     1 |       |       ||    32
         Dart              |       |       |       |    20 |    41 |     3 |     5 |     5 |       ||    74
         Throwing net      |       |       |       |       |     1 |       |       |     1 |     1 ||     3
         Javelin           |       |       |       |       |     3 |    36 |    22 |    46 |    17 ||   124
 Invoke: Heroism           |       |       |       |    15 |    19 |    19 |    17 |    13 |     1 ||    84
         Finesse           |       |       |       |       |     2 |     4 |     1 |     2 |       ||     9
         Duel              |       |       |       |       |       |     1 |       |     1 |     2 ||     4
Ability: Evoke Blink       |       |       |       |       |       |       |     1 |       |       ||     1
  Evoke: Wand              |       |       |     9 |    22 |    31 |     6 |     8 |     7 |     4 ||    87
         Phial of floods   |       |       |       |     1 |     1 |     1 |       |       |       ||     3
    Use: Scroll            |     2 |     5 |    15 |     2 |    11 |     3 |     8 |     3 |       ||    49
         Potion            |       |       |     1 |     3 |     2 |     8 |     2 |     4 |     4 ||    24
   Stab: Paralysed         |       |       |       |    10 |     2 |       |       |     3 |       ||    15
         Petrified         |       |       |       |       |     5 |       |       |       |       ||     5
         Held in net/web   |       |       |       |       |     3 |       |       |     1 |       ||     4
         Petrifying        |       |       |       |       |     3 |       |       |       |       ||     3
         Sleeping          |       |       |       |       |     2 |     5 |       |       |       ||     7
         Invisible         |       |       |       |       |     2 |       |       |     4 |       ||     6
         Distracted        |       |       |       |       |     1 |       |     1 |       |       ||     2
 Armour: Scale mail        |    40 |    53 |    64 |       |       |       |       |       |       ||   157
         Chain mail        |       |       |    67 |   123 |   312 |   265 |   619 |   338 |       ||  1724
         Ring mail         |       |       |       |    89 |   203 |   144 |       |       |       ||   436
         Gold dragon scale |       |       |       |       |       |       |       |   314 |   176 ||   490
  Dodge: Dodged            |    50 |    55 |   102 |   141 |   340 |   300 |   627 |   581 |   112 ||  2308
  Block: Buckler           |    15 |    21 |    62 |       |       |       |       |       |       ||    98
         Kite shield       |       |       |    14 |   275 |   654 |   680 |   911 |   665 |       ||  3199
         Reflection        |       |       |       |       |       |   102 |    85 |    18 |       ||   205
         Tower shield      |       |       |       |       |       |       |       |   486 |   326 ||   812

Table legend: (Time is in decaauts)
 A = Elapsed time spent in this place.
 B = Non-inter-level travel time spent in this place.
 C = Inter-level travel time spent in this place.
 D = Time resting spent in this place.
 E = Time spent auto-exploring this place.
 F = Levels seen in this place.
 G = Mean time per level.
                   A        B        C        D        E       F      G
               +--------+--------+--------+--------+--------+-----+--------+
         Total |  59595 |  52735 |   6860 |  10676 |  19958 |  49 | 1216.2 |
       Dungeon |  21474 |  17798 |   3676 |   3690 |   6907 |  15 | 1431.6 |
        Temple |     95 |     90 |      5 |      0 |     86 |   1 |   95.0 |
          Lair |   8781 |   7803 |    978 |   2406 |   2790 |   5 | 1756.2 |
         Swamp |   4167 |   3777 |    390 |    912 |   1258 |   4 | 1041.8 |
     Snake Pit |   5786 |   5272 |    514 |    640 |   2345 |   4 | 1446.5 |
  Orcish Mines |   2267 |   1926 |    341 |    414 |    610 |   2 | 1133.5 |
   Elven Halls |   2591 |   2385 |    206 |    132 |   1123 |   3 |  863.7 |
        Vaults |   6232 |   5778 |    454 |    922 |   2515 |   4 | 1558.0 |
        Depths |   6437 |   6145 |    292 |   1271 |   1877 |   4 | 1609.2 |
        Bailey |    339 |    339 |      0 |    125 |      0 |   1 |  339.0 |
      Ice Cave |    545 |    545 |      0 |      0 |    318 |   1 |  545.0 |
        Wizlab |    790 |    790 |      0 |    147 |    128 |   1 |  790.0 |
         Arena |     86 |     86 |      0 |     13 |      0 |   4 |   21.5 |
               +--------+--------+--------+--------+--------+-----+--------+

Top non-repeatable levels by time:
  Lair:5: 2730 daAuts
     D:9: 2473 daAuts
    D:10: 2085 daAuts
     D:6: 2061 daAuts
  Lair:4: 1865 daAuts
 Snake:4: 1844 daAuts
Depths:3: 1806 daAuts
Vaults:1: 1764 daAuts
     D:7: 1733 daAuts
Depths:1: 1718 daAuts
Depths:2: 1700 daAuts
Vaults:3: 1629 daAuts
Vaults:2: 1613 daAuts
    D:13: 1577 daAuts
  Lair:1: 1573 daAuts
